 Seeded DCSS version 0.27-a0-1200-g94dc6ad4cf (webtiles) character file.

Game seed: 1482225061180600175 (custom seed)

81 flotson the Covert (level 4, -1/41 HPs)
             Began as a Gnoll Delver on May 31, 2021.
             Slain by a river rat (3 damage)
             ... in a sewer.
             The game lasted 00:02:11 (543 turns).

flotson the Covert (Gnoll Delver)                    Turns: 543, Time: 00:02:12

Health: -1/41      AC:  4    Str: 12    XL:     4   Next: 40%
Magic:  5/5        EV: 13    Int:  9    God:
Gold:   10         SH:  0    Dex: 14    Spells: 5/5 levels left

rFire    . . .     SeeInvis .   a - +0 spear
rCold    . . .     Faith    .   (no shield)
rNeg     . . .     Spirit   .   b - +1 leather armour
rPois    .         Reflect  .   (no helmet)
rElec    .         Harm     .   (no cloak)
rCorr    .         Rampage  .   (no gloves)
Will     .....                  (no boots)
Stlth    ++++......             (no amulet)
HPRegen  0.13/turn              (no ring)
MPRegen  0.09/turn              (no ring)

@: hasted, very quick
A: fangs 1, strong nose, distributed training
a: no special abilities


You were in a sewer.
You visited 1 branch of the dungeon, and saw 2 of its levels.
You also visited: Sewer.

You collected 10 gold pieces.

Inventory:

Hand Weapons
 a - a +0 spear (weapon)
Missiles
 h - 36 stones (quivered)
Armour
 b - a +1 leather armour (worn)
Wands
 g - a wand of digging (1)
Scrolls
 c - a scroll of fog
 e - a scroll of fear


   Skills:
 + Level 6.6 Fighting
 + Level 1.1 Short Blades
 + Level 1.1 Long Blades
 + Level 1.1 Axes
 + Level 1.1 Maces & Flails
 + Level 4.6 Polearms
 + Level 1.1 Staves
 + Level 1.1 Slings
 + Level 1.1 Bows
 + Level 1.1 Crossbows
 + Level 1.1 Throwing
 + Level 1.1 Armour
 + Level 4.6 Dodging
 + Level 9.6 Stealth
 + Level 1.1 Shields
 + Level 1.1 Unarmed Combat
 + Level 1.1 Spellcasting
 + Level 0.9 Conjurations
 + Level 0.9 Hexes
 + Level 0.9 Summonings
 + Level 0.9 Necromancy
 + Level 0.9 Translocations
 + Level 0.9 Transmutations
 + Level 0.9 Fire Magic
 + Level 0.9 Ice Magic
 + Level 0.9 Air Magic
 + Level 0.9 Earth Magic
 + Level 0.9 Poison Magic
 + Level 1.2 Invocations
 + Level 1.1 Evocations


You had 5 spell levels left.
You didn't know any spells.
Your spell library was empty.

Dungeon Overview and Level Annotations

Branches:
Dungeon (5/15)              Sewer (1/1)
 Temple: D:4-7

Altars:

Annotations:
D:5 Sigmund


Innate Abilities, Weirdness & Mutations

You have very sharp teeth.
Your uncanny sense of smell can sniff out nearby items.
Your experience applies equally to all skills.


Message History

Really abort (and waste the scroll)?
Your +0 leather armour glows green for a moment.
You aren't carrying any potions.
There is a gate leading back out of this place here.
Reach: a) +0 spear
Press: ? - help, Dir - move target, f - river rat
Aim: a river rat (asleep, about 2% to evade your +0 spear)
You reach to attack!
The helpless river rat fails to defend itself.
You hit the river rat but do no damage. You hit the river rat but do no damage.
You hit the river rat.
The river rat is heavily wounded.
The river rat bites you.
* * * LOW HITPOINT WARNING * * *
You closely miss the river rat.
The river rat is heavily wounded.
The river rat misses you.
You closely miss the river rat.
The river rat is heavily wounded.
You hit the river rat but do no damage.
The river rat is heavily wounded.
The river rat closely misses you.
You barely miss the river rat.
The river rat is heavily wounded.
The river rat twitches its whiskers.
The river rat barely misses you.
You hit the river rat but do no damage.
The river rat is heavily wounded.
You hit the river rat but do no damage. Your bite misses the river rat.
The river rat is heavily wounded.
The river rat twitches its whiskers.
The river rat bites you.
* * * LOW HITPOINT WARNING * * *
You barely miss the river rat.
The river rat is heavily wounded.
You hit the river rat but do no damage.
The river rat is heavily wounded.
The river rat bites you.
You die...

###
#.#
#r#
#r#
#@#
#∩#
#.#
#∩#
#r#
#.#
#r#
#r#
#.#


You could see 3 river rats and 2 rats.

Vanquished Creatures
  2 hounds
  An adder (D:5)
  A river rat (D:4)
  A ball python (D:4)
  A giant cockroach (D:4)
  A goblin (D:4)
  A kobold (D:4)
8 creatures vanquished.

Notes
Turn   | Place    | Note
-------+----------+-------------------------------------------
     0 | D:5      | Reached skill level 9 in Stealth
     0 | D:5      | flotson the Gnoll Delver began the quest for the Orb.
     0 | D:5      | Reached XP level 1. HP: 23/23 MP: 1/1
    18 | D:5      | Noticed an iguana
    31 | D:5      | Noticed Sigmund
    78 | D:5      | Noticed an iguana
   102 | D:5      | Reached XP level 2. HP: 29/29 MP: 2/2
   115 | D:5      | Noticed a necrophage
   129 | D:5      | Reached skill level 1 in Invocations
   129 | D:5      | Reached XP level 3. HP: 18/35 MP: 2/4
   238 | D:4      | Reached skill level 1 in Short Blades
   238 | D:4      | Reached skill level 1 in Long Blades
   238 | D:4      | Reached skill level 1 in Axes
   238 | D:4      | Reached skill level 1 in Maces & Flails
   238 | D:4      | Reached skill level 1 in Staves
   238 | D:4      | Reached skill level 1 in Slings
   238 | D:4      | Reached skill level 1 in Bows
   238 | D:4      | Reached skill level 1 in Crossbows
   238 | D:4      | Reached skill level 1 in Throwing
   238 | D:4      | Reached skill level 1 in Armour
   238 | D:4      | Reached skill level 1 in Shields
   238 | D:4      | Reached skill level 1 in Unarmed Combat
   238 | D:4      | Reached skill level 1 in Spellcasting
   238 | D:4      | Reached skill level 1 in Evocations
   238 | D:4      | Reached XP level 4. HP: 21/41 MP: 5/5
   497 | D:4      | Found a glowing drain.
   528 | Sewer    | Entered a sewer
   535 | Sewer    | HP: 2/41 [river rat (1)]
   541 | Sewer    | HP: 2/41 [river rat (1)]
   543 | Sewer    | Slain by a river rat

Illustrated notes

Levels and vault maps discovered:
D:4:      layout_loops_ring, serial_shops, shop, gup_sewer_entry_bubbles,
          palyth_stone_intersect, uniq_duvessa
D:5:      layout_loops_ring, lemuel_zombie_altar_yredelemnul, uniq_sigmund
Sewer:    sewer_kobolds

Skill      XL: |  1  2  3 |
---------------+----------+-----
Stealth        | |  9.6
Invocations    | 1 |  1.2
Short Blades   | 1 |  1.1
Long Blades    | 1 |  1.1
Axes           | 1 |  1.1
Maces & Flails | 1 |  1.1
Staves         | 1 |  1.1
Slings         | 1 |  1.1
Bows           | 1 |  1.1
Crossbows      | 1 |  1.1
Throwing       | 1 |  1.1
Armour         | 1 |  1.1
Shields        | 1 |  1.1
Unarmed Combat | 1 |  1.1
Spellcasting   | 1 |  1.1
Evocations     | 1 |  1.1
Fighting       | |  6.6
Polearms       | |  4.6
Dodging        | |  4.6
Conjurations   | |  0.9
Hexes          | |  0.9
Summonings     | |  0.9
Necromancy     | |  0.9
Translocations | |  0.9
Transmutations | |  0.9
Fire Magic     | |  0.9
Ice Magic      | |  0.9
Air Magic      | |  0.9
Earth Magic    | |  0.9
Poison Magic   | |  0.9

Action                   |  1- 3 |  4- 6 || total
-------------------------+-------+-------++-------
Melee: Spear             |    29 |    41 ||    70
       Bite              |     2 |     4 ||     6
Throw: Stone             |     1 |       ||     1
Evoke: Wand              |       |     2 ||     2
  Use: Scroll            |       |     2 ||     2
       Potion            |       |     1 ||     1
 Stab: Sleeping          |     1 |     3 ||     4
Armor: Leather armour    |     1 |     4 ||     5
Dodge: Dodged            |    23 |    22 ||    45

Table legend: (Time is in decaauts)
 A = Elapsed time spent in this place.
 B = Non-inter-level travel time spent in this place.
 C = Inter-level travel time spent in this place.
 D = Time resting spent in this place.
 E = Time spent auto-exploring this place.
 F = Levels seen in this place.
 G = Mean time per level.
                   A        B        C        D        E       F      G
               +--------+--------+--------+--------+--------+-----+--------+
         Total |    526 |    526 |      0 |      0 |    298 |   3 |  175.3 |
       Dungeon |    517 |    517 |      0 |      0 |    298 |   2 |  258.5 |
         Sewer |      9 |      9 |      0 |      0 |      0 |   1 |    9.0 |
               +--------+--------+--------+--------+--------+-----+--------+

Top non-repeatable levels by time:
     D:4: 365 daAuts
     D:5: 151 daAuts
   Sewer: 9 daAuts
